EL
ELMIRA PIONEERS @ READING PHILLIES
08/21/1982
 
TOP OF THE 1ST
Elmira Pioneers batting - Pitching for Reading Phillies : RHP Tim Burke
Pitching: RHP Tim Burke
Batting: RHB Ken Dowell 0-0: Fly out, F9 (Flyball, 9S, EV 83.1 MPH)
Batting: RHB Ron Stinnett 0-0: Called Strike
0-1: Swinging Strike
0-2: Ball
1-2: Strikes out swinging, 2-3 out at first.
Batting: RHB Richard Givens 0-0: Called Strike
0-1: Swinging Strike
0-2: Strikes out swinging
Top of the 1st over - 0 runs, 0 hits, 0 errors, 0 left on base; Elmira 0 - Reading 0
BOTTOM OF THE 1ST
Reading Phillies batting - Pitching for Elmira Pioneers : LHP Mike Mason
Pitching: LHP Mike Mason
Batting: LHB George Johnson 0-0: Ball
1-0: Called Strike
1-1: Ball
2-1: Foul Ball, location: 2F
2-2: Ground out 6-3 (Groundball, 56, EV 90.0 MPH)
Batting: RHB Mark Sproesser 0-0: Reached on error, E6 (Groundball, 56, EV 85.0 MPH)
Batting: LHB Martino Martin 0-0: Ball
1-0: Fly out, F8 (Flyball, 8LD, EV 88.1 MPH)
Batting: RHB Vincent Martelli 0-0: Called Strike
0-1: Ball
1-1: Ball
2-1: Ball
3-1: Fly out, F8 (Flyball, 8RM, EV 87.5 MPH)
Bottom of the 1st over - 0 runs, 0 hits, 1 error, 1 left on base; Elmira 0 - Reading 0
TOP OF THE 2ND
Elmira Pioneers batting - Pitching for Reading Phillies : RHP Tim Burke
Batting: RHB Donn Koch 0-0: Fly out, F8 (Line Drive, 8RD, EV 91.3 MPH)
Batting: RHB Edwin Rodriguez 0-0: Foul Ball, location: 2F
0-1: Ball
1-1: SINGLE (Groundball, 34D, EV 98.1 MPH)
Batting: SHB Esteban Mendez 0-0: SINGLE (Line Drive, 9LS, EV 104.4 MPH)
Edwin Rodriguez to second
Batting: LHB German Barranca 0-0: Ball
1-0: Called Strike
1-1: Foul Ball, location: 2F
1-2: Fly out, F9 (Flyball, 89M, EV 83.1 MPH)
Runner from 2nd tags up, SAFE at 3rd with throw by RF
Batting: SHB Michael Reeder 0-0: Ball
1-0: Ball
2-0: Called Strike
2-1: Swinging Strike
2-2: Strikes out swinging
Top of the 2nd over - 0 runs, 2 hits, 0 errors, 2 left on base; Elmira 0 - Reading 0
BOTTOM OF THE 2ND
Reading Phillies batting - Pitching for Elmira Pioneers : LHP Mike Mason
Batting: LHB Pedro Rabassa 0-0: Called Strike
0-1: Ball
1-1: Swinging Strike
1-2: Ball
2-2: Ground out 4-3 (Groundball, 4, EV 83.1 MPH)
Batting: SHB Doug Baker 0-0: Swinging Strike
0-1: Foul Ball, location: 2F
0-2: Ground out 4-3 (Groundball, 4M, EV 105.6 MPH)
Batting: RHB Thomas Thompson 0-0: Ball
1-0: SINGLE (Line Drive, 8LS, EV 105.6 MPH)
Batting: RHB Paul Wirkus 0-0: Called Strike
0-1: Ball
1-1: Ball
2-1: Ball
3-1: Foul Ball, location: 2F
3-2: Foul Ball, location: 2F
3-2: Base on Balls
Thomas Thompson to second
Batting: LHB Alex Mata 0-0: Called Strike
0-1: Ground out 4-3 (Groundball, 4, EV 100.6 MPH)
Bottom of the 2nd over - 0 runs, 1 hit, 0 errors, 2 left on base; Elmira 0 - Reading 0
TOP OF THE 3RD
Elmira Pioneers batting - Pitching for Reading Phillies : RHP Tim Burke
Batting: RHB Curtis Cannedy 0-0: Ball
1-0: Ball
2-0: Foul Ball, location: 2F
2-1: Ground out 5-3 (Groundball, 56, EV 78.8 MPH)
Batting: RHB Ken Dowell 0-0: Swinging Strike
0-1: Ball
1-1: Ball
2-1: Foul Ball, location: 2F
2-2: Ball
3-2: Strikes out swinging
Batting: RHB Ron Stinnett 0-0: Ball
1-0: Called Strike
1-1: Ball
2-1: Swinging Strike
2-2: Foul Ball, location: 2F
2-2: Strikes out swinging
Top of the 3rd over - 0 runs, 0 hits, 0 errors, 0 left on base; Elmira 0 - Reading 0
BOTTOM OF THE 3RD
Reading Phillies batting - Pitching for Elmira Pioneers : LHP Mike Mason
Batting: LHB George Johnson 0-0: Called Strike
0-1: Fly out, F7 (Flyball, 7LM, EV 103.1 MPH)
Batting: RHB Mark Sproesser 0-0: Ball
1-0: Called Strike
1-1: Foul Ball, location: 2F
1-2: Ball
2-2: Ground out 6-3 (Groundball, 6, EV 86.3 MPH)
Batting: LHB Martino Martin 0-0: Swinging Strike
0-1: Ball
1-1: Ball
2-1: Foul Ball, location: 2F
2-2: Strikes out looking
Bottom of the 3rd over - 0 runs, 0 hits, 0 errors, 0 left on base; Elmira 0 - Reading 0
TOP OF THE 4TH
Elmira Pioneers batting - Pitching for Reading Phillies : RHP Tim Burke
Batting: RHB Richard Givens 0-0: Ball
1-0: Ball
2-0: Ball
3-0: Called Strike
3-1: Base on Balls
Batting: RHB Donn Koch 0-0: Ball
1-0: Ball
2-0: Ball
3-0: Base on Balls
Richard Givens to second
Batting: RHB Edwin Rodriguez 0-0: Fielders Choice at 2nd, 6-4 (Groundball, 6S, EV 83.8 MPH)
Richard Givens to third
Batting: SHB Esteban Mendez 0-0: Foul Ball, location: 2F
0-1: Ball
1-1: Ball
2-1: Ball
3-1: Foul Ball, location: 2F
3-2: Strikes out looking
Edwin Rodriguez is caught stealing 2nd base 2-6
Batter strikes out.
Top of the 4th over - 0 runs, 0 hits, 0 errors, 1 left on base; Elmira 0 - Reading 0
BOTTOM OF THE 4TH
Reading Phillies batting - Pitching for Elmira Pioneers : LHP Mike Mason
Batting: RHB Vincent Martelli 0-0: Called Strike
0-1: Foul Ball, location: 2F
0-2: Ball
1-2: Reached on error, E7 (Flyball, 78S, EV 88.1 MPH)
Batting: LHB Pedro Rabassa 0-0: Called Strike
0-1: DOUBLE (Line Drive, 8RD, EV 106.3 MPH)
Vincent Martelli to third
Batting: SHB Doug Baker 0-0: Ball
1-0: SINGLE (Groundball, 6S, EV 71.9 MPH) (infield hit)
Vincent Martelli scores
Pedro Rabassa to third
Batting: RHB Thomas Thompson 0-0: Called Strike
0-1: Swinging Strike
0-2: Ball
1-2: Ball
2-2: Ball
3-2: Fly out, F8 (Flyball, 8LXD, EV 83.1 MPH)
Runner from 3rd tags up, SCORES, no throw by CF
Batting: RHB Paul Wirkus 0-0: Ball
1-0: Called Strike
1-1: Grounds into double play, 3-6-3 (Groundball, 3S, EV 85.0 MPH)
Bottom of the 4th over - 2 runs, 2 hits, 1 error, 0 left on base; Elmira 0 - Reading 2
TOP OF THE 5TH
Elmira Pioneers batting - Pitching for Reading Phillies : RHP Tim Burke
Batting: LHB German Barranca 0-0: Called Strike
0-1: Ball
1-1: Foul Ball, location: 2F
1-2: Ground out 6-3 (Groundball, 6, EV 97.5 MPH)
Batting: SHB Michael Reeder 0-0: Called Strike
0-1: Foul Ball, location: 2F
0-2: Ground out 4-3 (Groundball, 4, EV 78.8 MPH)
Batting: RHB Curtis Cannedy 0-0: Called Strike
0-1: Swinging Strike
0-2: Ball
1-2: Foul Ball, location: 2F
1-2: Foul Ball, location: 2F
1-2: Fly out, F8 (Flyball, 89M, EV 78.1 MPH)
Top of the 5th over - 0 runs, 0 hits, 0 errors, 0 left on base; Elmira 0 - Reading 2
BOTTOM OF THE 5TH
Reading Phillies batting - Pitching for Elmira Pioneers : LHP Mike Mason
Batting: LHB Alex Mata 0-0: Called Strike
0-1: Ball
1-1: Foul Ball, location: 2F
1-2: SINGLE (Groundball, 6D, EV 110.0 MPH)
Batting: LHB George Johnson 0-0: Ball
1-0: Fly out, F3 (Popup, 3SF, EV 75.6 MPH)
Batting: RHB Mark Sproesser 0-0: Reached on error, E4 (Groundball, 34, EV 87.5 MPH)
Alex Mata to second
Batting: LHB Martino Martin 0-0: Ball
1-0: Ball
2-0: Called Strike
2-1: Grounds into double play, 4-6-3 (Groundball, 4, EV 85.0 MPH)
Bottom of the 5th over - 0 runs, 1 hit, 1 error, 1 left on base; Elmira 0 - Reading 2
TOP OF THE 6TH
Elmira Pioneers batting - Pitching for Reading Phillies : RHP Tim Burke
Batting: RHB Ken Dowell 0-0: Called Strike
0-1: Ball
1-1: Called Strike
1-2: Ball
2-2: SINGLE (Groundball, 6S, EV 71.9 MPH) (infield hit)
Batting: RHB Ron Stinnett 0-0: Foul Ball, location: 2F
0-1: Called Strike
0-2: Foul Ball, location: 2F
0-2: Ball
1-2: Ball
2-2: Fielders Choice at 2nd, 6-4 (Groundball, 6, EV 85.0 MPH)
Batting: RHB Richard Givens 0-0: Ball
1-0: Foul Ball, location: 2F
1-1: Ball
2-1: Grounds into double play, 4-6-3 (Groundball, 4, EV 78.1 MPH)
Top of the 6th over - 0 runs, 1 hit, 0 errors, 0 left on base; Elmira 0 - Reading 2
BOTTOM OF THE 6TH
Reading Phillies batting - Pitching for Elmira Pioneers : LHP Mike Mason
Batting: RHB Vincent Martelli 0-0: Foul Ball, location: 2F
0-1: Ground out 5-3 (Groundball, 56S, EV 85.0 MPH)
Batting: LHB Pedro Rabassa 0-0: Ball
1-0: Ball
2-0: Fly out, F9 (Flyball, 9LM, EV 90.6 MPH)
Batting: SHB Doug Baker 0-0: Swinging Strike
0-1: Ball
1-1: Ball
2-1: Ball
3-1: Ground out 6-3 (Groundball, 6, EV 82.5 MPH)
Bottom of the 6th over - 0 runs, 0 hits, 0 errors, 0 left on base; Elmira 0 - Reading 2
TOP OF THE 7TH
Elmira Pioneers batting - Pitching for Reading Phillies : RHP Tim Burke
Batting: RHB Donn Koch 0-0: Foul Ball, location: 2F
0-1: Ball
1-1: Foul Ball, location: 2F
1-2: Fly out, F8 (Flyball, 8LM, EV 95.6 MPH)
Batting: RHB Edwin Rodriguez 0-0: Called Strike
0-1: Called Strike
0-2: Ball
1-2: Foul Ball, location: 2F
1-2: Strikes out swinging
Batting: SHB Esteban Mendez 0-0: Ball
1-0: Fly out, F7 (Flyball, 78D, EV 101.3 MPH)
Top of the 7th over - 0 runs, 0 hits, 0 errors, 0 left on base; Elmira 0 - Reading 2
BOTTOM OF THE 7TH
Reading Phillies batting - Pitching for Elmira Pioneers : LHP Mike Mason
Batting: RHB Thomas Thompson 0-0: Ball
1-0: Ground out U3 (Groundball, 3S, EV 88.8 MPH)
Batting: RHB Paul Wirkus 0-0: Called Strike
0-1: Ground out 6-3 (Groundball, 6, EV 106.3 MPH)
Batting: LHB Alex Mata 0-0: Fly out, F9 (Flyball, 9LM, EV 101.3 MPH)
Bottom of the 7th over - 0 runs, 0 hits, 0 errors, 0 left on base; Elmira 0 - Reading 2
TOP OF THE 8TH
Elmira Pioneers batting - Pitching for Reading Phillies : RHP Tim Burke
Batting: LHB German Barranca 0-0: Ball
1-0: Swinging Strike
1-1: Fly out, F9 (Flyball, 9, EV 92.5 MPH)
Batting: SHB Michael Reeder 0-0: Called Strike
0-1: Ball
1-1: Swinging Strike
1-2: Fly out, F8 (Flyball, 78M, EV 95.0 MPH)
Batting: RHB Curtis Cannedy 0-0: Ball
1-0: Called Strike
1-1: Reached on error, E5 (Groundball, 5L, EV 101.3 MPH)
Batting: RHB Ken Dowell 0-0: Ground out 4-3 (Groundball, 4S, EV 68.8 MPH)
Top of the 8th over - 0 runs, 0 hits, 1 error, 1 left on base; Elmira 0 - Reading 2
BOTTOM OF THE 8TH
Reading Phillies batting - Pitching for Elmira Pioneers : LHP Mike Mason
Batting: LHB George Johnson 0-0: Ball
1-0: Called Strike
1-1: Called Strike
1-2: Foul Ball, location: 2F
1-2: Foul Ball, location: 2F
1-2: Foul Ball, location: 2F
1-2: Ball
2-2: Foul Ball, location: 2F
2-2: Ball
3-2: Ground out 4-3 (Groundball, 4, EV 83.1 MPH)
Batting: RHB Mark Sproesser 0-0: Ground out 6-3 (Groundball, 6, EV 86.9 MPH)
Batting: LHB Martino Martin 0-0: Ball
1-0: Called Strike
1-1: Ground out 1-3 (Groundball, 34S, EV 63.1 MPH)
Bottom of the 8th over - 0 runs, 0 hits, 0 errors, 0 left on base; Elmira 0 - Reading 2
TOP OF THE 9TH
Elmira Pioneers batting - Pitching for Reading Phillies : RHP Tim Burke
Batting: RHB Ron Stinnett 0-0: Called Strike
0-1: Swinging Strike
0-2: Ball
1-2: Ground out 5-3 (Groundball, 56, EV 91.3 MPH)
Batting: RHB Richard Givens 0-0: Ball
1-0: Ground out 5-3 (Groundball, 56S, EV 68.1 MPH)
Batting: RHB Donn Koch 0-0: Ball
1-0: Called Strike
1-1: Foul Ball, location: 2F
1-2: Ball
2-2: Foul Ball, location: 2F
2-2: Strikes out looking
Top of the 9th over - 0 runs, 0 hits, 0 errors, 0 left on base; Elmira 0 - Reading 2
Monday, August 24th, 2020 - OOTP Baseball 21.5 Build 76